Hurricanes vs Sabres

Created - 26 décembre 2021 at 08:43

Goals
1 2 3 T
Hurricanes 1 0 0 1
Sabres 2 1 0 3
Shots
1 2 3 T
Hurricanes 11 3 5 19
Sabres 8 6 8 22

GoalsPenalties
1st period
1. Hurricanes , Andrew Cogliano 2 (Zach Bogosian 4, Moritz Seider 5) at 0:51
2. Sabres , Jonas Brodin 4 (Erik Haula 13, Phil Kessel 8) at 3:42 (PP)
3. Sabres , Victor Olofsson 8 (Jamie Oleksiak 9, Anthony Mantha 14) at 18:36
Neal Pionk (CAR) for Tripping (Minor) at 3:34
2nd period
4. Sabres , Jakob Silfverberg 10 (Radko Gudas 8) at 0:40
Anthony Mantha (BUF) for Roughing (Minor) at 6:43
3rd period
No Goal
Markus Nutivaara (CAR) for Holding (Minor) at 5:13
Neal Pionk (CAR) for Interference (Minor) at 14:32
Radko Gudas (BUF) for Hooking (Minor) at 19:12
Goalie Stats
Joonas Korpisalo (CAR), 19 saves from 22 shots - (0,864), L, 6-19-3, 60:00 minutes
Darcy Kuemper (BUF), 18 saves from 19 shots - (0,947), W, 11-11-0, 60:00 minutes
3 StarsOfficial
1 - Jakob Silfverberg (BUF)
2 - Victor Olofsson (BUF)
3 - Jamie Oleksiak (BUF)
Referees : TJ Luxmore and Kyle Rehman
Linesman : Mark Wheler and Pierre Racicot
Game Note
No Game Note
Finance
Level 1 -- Attendance: 5000 (100,00%) -- Ticket Income 425 000 $
Level 2 -- Attendance: 4000 (100,00%) -- Ticket Income 200 000 $
Level 3 -- Attendance: 3000 (100,00%) -- Ticket Income 90 000 $
Level 4 -- Attendance: 4000 (100,00%) -- Ticket Income 76 000 $
Luxury Box -- Attendance: 1000 (100,00%) -- Ticket Income 185 000 $
Game was played at the KeyBank Center.
Total Attendance: 17000 (100,00%)
Total Ticket Income: 976 000 $
Other Income: 478 240 $
Total Income: 1 454 240 $



Team Name Goals Shots Shots Attemp Shots Blocked PIM HIT PP PK FO%
Hurricanes 1194176210 / 2 (0%)141%
Sabres 3225574221 / 3 (33%)059%

Hurricanes
Player Name POS G A P +/- PIM HIT SHT SB MP PP MP PP SHT PK MP PK SHT FO% FOT
Alexis LafreniereLW000-1002016:531:2501:3800% 0
Andrew CoglianoC/LW1010003113:100:2300:00033% 15
Andrew ShawC/LW/RW0000010012:470:0000:0000% 0
Brian BoyleC/LW0000032016:350:5802:2800% 0
Chris WagnerC/LW/RW0000010112:470:0000:0000% 0
Curtis LazarC/RW0000011013:220:0000:000100% 1
Darren HelmC/LW000-1021015:151:2500:000100% 1
Josh BaileyC/LW/RW0000002116:581:2102:28033% 21
Leo KomarovC/LW/RW0000022014:471:2500:00050% 12
Markus NutivaaraD000-2220119:051:2101:3200% 0
Moritz SeiderD0111001016:230:0001:0800% 0
Neal PionkD0000470123:571:2500:5400% 0
Nikita GusevLW/RW0000000016:081:2101:38067% 3
Quinn HughesD0000010024:341:2501:2900% 0
Ryan MurrayD000-2011220:111:2102:3700% 0
Sonny MilanoLW/RW0000002013:220:0000:0000% 0
Victor RaskC000-1002013:500:0000:00041% 17
Zach BogosianD0111000015:470:0000:3200% 0
Sabres
Player Name POS G A P +/- PIM HIT SHT SB MP PP MP PP SHT PK MP PK SHT FO% FOT
Anders BjorkLW000-1031011:460:0000:0000% 0
Anthony ManthaLW/RW0111231020:302:2100:000100% 1
Blake LizotteC000000009:500:0000:00078% 9
Erik HaulaC/LW0111003015:071:4500:00053% 17
Jack RoslovicC/RW000-1011012:040:1810:0000% 0
Jakob SilfverbergLW/RW1011001116:232:0300:5800% 3
Jamie OleksiakD0112010017:540:0001:5400% 0
Jonas BrodinD1010003119:072:1110:5200% 0
Mark JankowskiC/LW0000011011:380:0001:4800% 0
Nick JensenD000-1031218:551:5510:5200% 0
Phil KesselRW0111001015:071:4500:0000% 1
Pierre EngvallC/LW/RW000000109:500:0000:0000% 0
Radko GudasD0112220217:060:0001:0700% 0
Tomas HertlC/LW0001041021:292:2100:58068% 19
Torey KrugD0000011022:551:5510:0000% 0
Tyler BozakC/RW000-1000013:340:0001:48065% 17
Tyson BarrieD000-1034124:022:1120:4700% 0
Victor OlofssonLW/RW1011002019:551:4500:0000% 3

Hurricanes

5 vs 5 Forward
Line #Left WingCenterRight WingPHYDFOFWanted %Time %Time Play
1Brian BoyleJosh BaileyNikita Gusev2122625%13:09
2Alexis LafreniereVictor RaskDarren Helm1222626%13:50
3Chris WagnerAndrew CoglianoAndrew Shaw2212424%12:47
4Sonny MilanoLeo KomarovCurtis Lazar5002425%13:22
5 vs 5 Defense
Line #DefenseDefensePHYDFOFWanted %Time %Time Play
1Neal PionkQuinn Hughes1223028%14:57
2Ryan MurrayMarkus Nutivaara1223031%16:13
3Zach BogosianMoritz Seider1222429%15:15
4Neal PionkQuinn Hughes1221613%6:43
Power Play Forward
Line #Left WingCenterRight WingPHYDFOFWanted %Time %Time Play
1Brian BoyleJosh BaileyNikita Gusev1225049%1:21
2Alexis LafreniereLeo KomarovDarren Helm1225051%1:25
Power Play Defense
Line #DefenseDefensePHYDFOFWanted %Time %Time Play
1Neal PionkQuinn Hughes1225051%1:25
2Ryan MurrayMarkus Nutivaara1225049%1:21
Penalty Kill 4 Players Forward
Line #CenterWingPHYDFOFWanted %Time %Time Play
1Josh BaileyBrian Boyle1225060%2:28
2Nikita GusevAlexis Lafreniere1225040%1:38
Penalty Kill 4 Players Defense
Line #DefenseDefensePHYDFOFWanted %Time %Time Play
1Neal PionkQuinn Hughes1225036%1:29
2Ryan MurrayMarkus Nutivaara1225064%2:37
Penalty Kill 3 Players
Line #WingPHYDFOFWanted %Time %Time PlayDefenseDefensePHYDFOFWanted %Time %Time Play
1Josh Bailey122500%0:00 Neal PionkQuinn Hughes122500%0:00
2Brian Boyle122500%0:00 Ryan MurrayMarkus Nutivaara122500%0:00
4 vs 4 Forward
Line #CenterWingPHYDFOFWanted %Time %Time Play
1Josh BaileyBrian Boyle122500%0:00
2Nikita GusevAlexis Lafreniere122500%0:00
4 vs 4 Defense
Line #DefensePHYDFOFWanted %Time %Time Play
1Neal PionkQuinn Hughes122500%0:00
2Ryan MurrayMarkus Nutivaara122500%0:00
Last Minutes Offensive
Left WingCenterRight WingDefenseDefense
Brian BoyleJosh BaileyNikita GusevNeal PionkQuinn Hughes
Last Minutes Defensive
Left WingCenterRight WingDefenseDefense
Brian BoyleJosh BaileyNikita GusevNeal PionkQuinn Hughes
Time
Total ForwardTotal DefenseLast Minutes OffensiveLast Minutes Defensive
60:00 60:00 0:000:00
Extra Forwards
Normal PowerPlayPenalty Kill
Darren Helm, Andrew Cogliano, Chris WagnerDarren Helm, Andrew CoglianoChris Wagner
Extra Defensemen
Normal PowerPlayPenalty Kill
Zach Bogosian, Moritz Seider, Ryan MurrayZach Bogosian, Moritz SeiderRyan Murray
Penalty Shots
Josh Bailey, Brian Boyle, Nikita Gusev, Alexis Lafreniere, Leo Komarov
Goalie
Joonas Korpisalo, Alex Stalock
Custom OT Lines Forwards
Josh Bailey, Brian Boyle, Nikita Gusev, Alexis Lafreniere, Leo Komarov, Darren Helm, Andrew Cogliano, Chris Wagner, Curtis Lazar, Andrew Shaw
Custom OT Lines Defensemen
Neal Pionk, Quinn Hughes, Ryan Murray, Markus Nutivaara, Zach Bogosian
Scratches
Kyle Rau (Healthy), Danton Heinen (Healthy), Cory Schneider (Healthy)

Sabres

5 vs 5 Forward
Line #Left WingCenterRight WingPHYDFOFWanted %Time %Time Play
1Victor OlofssonTomas HertlAnthony Mantha0143534%18:10
2Jakob SilfverbergErik HaulaPhil Kessel0322625%13:22
3Anders BjorkTyler BozakJack Roslovic0322222%11:46
4Mark JankowskiBlake LizottePierre Engvall0411719%9:50
5 vs 5 Defense
Line #DefenseDefensePHYDFOFWanted %Time %Time Play
1Jonas BrodinTorey Krug0323329%15:33
2Tyson BarrieNick Jensen0323129%15:15
3Jamie OleksiakRadko Gudas0412030%16:00
4Tyson BarrieTorey Krug1221612%6:20
Power Play Forward
Line #Left WingCenterRight WingPHYDFOFWanted %Time %Time Play
1Jakob SilfverbergTomas HertlAnthony Mantha1045057%2:21
2Victor OlofssonErik HaulaPhil Kessel0055043%1:45
Power Play Defense
Line #DefenseDefensePHYDFOFWanted %Time %Time Play
1Nick JensenTorey Krug0145047%1:55
2Tyson BarrieJonas Brodin0145053%2:11
Penalty Kill 4 Players Forward
Line #CenterWingPHYDFOFWanted %Time %Time Play
1Tomas HertlJakob Silfverberg1315035%0:58
2Tyler BozakMark Jankowski1315065%1:48
Penalty Kill 4 Players Defense
Line #DefenseDefensePHYDFOFWanted %Time %Time Play
1Nick JensenJonas Brodin1405031%0:52
2Jamie OleksiakRadko Gudas1225069%1:54
Penalty Kill 3 Players
Line #WingPHYDFOFWanted %Time %Time PlayDefenseDefensePHYDFOFWanted %Time %Time Play
1Tomas Hertl131500%0:00 Tyson BarrieTorey Krug131500%0:00
2Jakob Silfverberg131500%0:00 Nick JensenRadko Gudas122500%0:00
4 vs 4 Forward
Line #CenterWingPHYDFOFWanted %Time %Time Play
1Tomas HertlJakob Silfverberg122500%0:00
2Jack RoslovicPhil Kessel122500%0:00
4 vs 4 Defense
Line #DefensePHYDFOFWanted %Time %Time Play
1Tyson BarrieTorey Krug122500%0:00
2Jonas BrodinRadko Gudas122500%0:00
Last Minutes Offensive
Left WingCenterRight WingDefenseDefense
Jakob SilfverbergTomas HertlVictor OlofssonTyson BarrieTorey Krug
Last Minutes Defensive
Left WingCenterRight WingDefenseDefense
Jakob SilfverbergTomas HertlPhil KesselTyson BarrieTorey Krug
Time
Total ForwardTotal DefenseLast Minutes OffensiveLast Minutes Defensive
60:00 60:00 0:000:00
Extra Forwards
Normal PowerPlayPenalty Kill
Jakob Silfverberg, Anthony Mantha, Victor OlofssonJack Roslovic, Pierre EngvallErik Haula
Extra Defensemen
Normal PowerPlayPenalty Kill
Jonas Brodin, Nick Jensen, Jamie OleksiakTorey Krug, Tyson BarrieJamie Oleksiak
Penalty Shots
Tomas Hertl, Anthony Mantha, Phil Kessel, Victor Olofsson, Jakob Silfverberg
Goalie
Darcy Kuemper, David Rittich
Custom OT Lines Forwards
Tomas Hertl, Jakob Silfverberg, Phil Kessel, Anthony Mantha, Jack Roslovic, Erik Haula, Blake Lizotte, Victor Olofsson, Tyler Bozak, Mark Jankowski
Custom OT Lines Defensemen
Tyson Barrie, Torey Krug, Jamie Oleksiak, Radko Gudas, Jonas Brodin
Scratches
Ilya Lyubushkin (Healthy), Antoine Roussel (Healthy), Charlie Lindgren (Healthy)


Play-by-Play

1st period


0:01 of 1st period - Tomas Hertl wins face-off versus Josh Bailey in neutral zone.
0:01 of 1st period - Victor Olofsson is hit by Brian Boyle and loses puck.
0:08 of 1st period - Shot by Tomas Hertl.
0:08 of 1st period - Shot Misses the Net.
0:20 of 1st period - Shot by Victor Olofsson.
0:20 of 1st period - Deflect By Tomas Hertl.
0:20 of 1st period - Shot Misses the Net.
0:22 of 1st period - Shot by Jonas Brodin.
0:22 of 1st period - Shot Blocked by Neal Pionk.
0:24 of 1st period - Shot by Tomas Hertl.
0:24 of 1st period - Shot Misses the Net.
0:28 of 1st period - Shot by Tomas Hertl.
0:28 of 1st period - Shot Misses the Net.
0:30 of 1st period - Shot by Tomas Hertl.
0:30 of 1st period - Deflect By Victor Olofsson.
0:30 of 1st period - Shot Misses the Net.
0:32 of 1st period - Shot by Jonas Brodin.
0:32 of 1st period - Stopped by Joonas Korpisalo without a rebound.
0:33 of 1st period - Erik Haula wins face-off versus Victor Rask in Hurricanes zone.
0:36 of 1st period - Shot by Phil Kessel.
0:36 of 1st period - Stopped by Joonas Korpisalo without a rebound.
0:37 of 1st period - Andrew Cogliano wins face-off versus Tyler Bozak in Hurricanes zone.
0:37 of 1st period - Andrew Cogliano is hit by Anders Bjork.
0:47 of 1st period - Shot by Zach Bogosian.
0:47 of 1st period - Shot Hit the Post.
0:51 of 1st period - Shot by Andrew Cogliano.
0:51 of 1st period - Goal by Andrew Cogliano - Hurricanes : 1 - Sabres : 0.
0:52 of 1st period - Leo Komarov wins face-off versus Jakob Silfverberg in neutral zone.
1:59 of 1st period - Icing by Jamie Oleksiak.
2:00 of 1st period - Victor Rask wins face-off versus Jakob Silfverberg in Sabres zone.
2:05 of 1st period - Shot by Alexis Lafreniere.
2:05 of 1st period - Deflect By Darren Helm.
2:05 of 1st period - Stopped by Darcy Kuemper without a rebound.
2:06 of 1st period - Blake Lizotte wins face-off versus Victor Rask in Sabres zone.
2:06 of 1st period - Blake Lizotte is hit by Darren Helm.
3:18 of 1st period - Victor Olofsson is hit by Neal Pionk and loses puck.
3:30 of 1st period - Tomas Hertl is hit by Quinn Hughes and loses puck.
3:34 of 1st period - Minor Penalty to Neal Pionk for Tripping.
3:35 of 1st period - Erik Haula wins face-off versus Josh Bailey in Hurricanes zone.
3:42 of 1st period - Shot by Jonas Brodin.
3:42 of 1st period - Goal by Jonas Brodin - Hurricanes : 1 - Sabres : 1.
3:43 of 1st period - Tyler Bozak wins face-off versus Josh Bailey in neutral zone.
3:50 of 1st period - Shot by Jack Roslovic.
3:50 of 1st period - Shot Misses the Net.
4:14 of 1st period - Shot by Nikita Gusev.
4:14 of 1st period - Shot Misses the Net.
5:02 of 1st period - Shot by Alexis Lafreniere.
5:02 of 1st period - Deflect By Victor Rask.
5:02 of 1st period - Stopped by Darcy Kuemper without a rebound.
5:03 of 1st period - Andrew Cogliano wins face-off versus Erik Haula in Sabres zone.
5:06 of 1st period - Shot by Andrew Shaw.
5:06 of 1st period - Deflect By Andrew Cogliano.
5:06 of 1st period - Shot Misses the Net.
5:08 of 1st period - Shot by Andrew Cogliano.
5:08 of 1st period - Shot Blocked by Nick Jensen.
6:22 of 1st period - Shot by Tomas Hertl.
6:22 of 1st period - Shot Misses the Net.
6:31 of 1st period - Anthony Mantha is hit by Neal Pionk.
7:22 of 1st period - Icing by Ryan Murray.
7:23 of 1st period - Blake Lizotte wins face-off versus Josh Bailey in Hurricanes zone.
7:35 of 1st period - Shot by Tyson Barrie.
7:35 of 1st period - Stopped by Joonas Korpisalo with a rebound.
8:00 of 1st period - Off-side.
8:01 of 1st period - Victor Rask wins face-off versus Tyler Bozak in neutral zone.
8:13 of 1st period - Victor Rask is hit by Radko Gudas and loses puck.
8:42 of 1st period - Icing by Radko Gudas.
8:43 of 1st period - Tyler Bozak wins face-off versus Andrew Cogliano in Sabres zone.
8:59 of 1st period - Icing by Jamie Oleksiak.
9:00 of 1st period - Tyler Bozak wins face-off versus Leo Komarov in Sabres zone.
9:00 of 1st period - Tyler Bozak is hit by Leo Komarov.
9:17 of 1st period - Markus Nutivaara is hit by Tomas Hertl and loses puck.
9:29 of 1st period - Leo Komarov is hit by Tomas Hertl and loses puck.
9:41 of 1st period - Leo Komarov is hit by Torey Krug and loses puck.
9:54 of 1st period - Shot by Tomas Hertl.
9:54 of 1st period - Shot Misses the Net.
10:36 of 1st period - Shot by Erik Haula.
10:36 of 1st period - Stopped by Joonas Korpisalo without a rebound.
10:37 of 1st period - Blake Lizotte wins face-off versus Andrew Cogliano in Hurricanes zone.
10:50 of 1st period - Shot by Moritz Seider.
10:50 of 1st period - Shot Hit the Post.
11:04 of 1st period - Shot by Moritz Seider.
11:04 of 1st period - Stopped by Darcy Kuemper with a rebound.
11:36 of 1st period - Icing by Radko Gudas.
11:37 of 1st period - Blake Lizotte wins face-off versus Josh Bailey in Sabres zone.
11:51 of 1st period - Off-side.
11:52 of 1st period - Victor Rask wins face-off versus Victor Olofsson in neutral zone.
12:03 of 1st period - Shot by Darren Helm.
12:03 of 1st period - Shot Blocked by Tyson Barrie.
12:17 of 1st period - Shot by Alexis Lafreniere.
12:17 of 1st period - Stopped by Darcy Kuemper without a rebound.
12:18 of 1st period - Josh Bailey wins face-off versus Phil Kessel in Sabres zone.
12:51 of 1st period - Shot by Josh Bailey.
12:51 of 1st period - Stopped by Darcy Kuemper without a rebound.
12:52 of 1st period - Tomas Hertl wins face-off versus Victor Rask in Sabres zone.
13:16 of 1st period - Shot by Alexis Lafreniere.
13:16 of 1st period - Deflect By Victor Rask.
13:16 of 1st period - Stopped by Darcy Kuemper without a rebound.
13:17 of 1st period - Tyler Bozak wins face-off versus Andrew Cogliano in Sabres zone.
13:17 of 1st period - Jack Roslovic is hit by Andrew Shaw and loses puck.
14:15 of 1st period - Nikita Gusev is hit by Radko Gudas and loses puck.
14:53 of 1st period - Icing by Radko Gudas.
14:54 of 1st period - Leo Komarov wins face-off versus Tyler Bozak in Sabres zone.
15:05 of 1st period - Shot by Leo Komarov.
15:05 of 1st period - Deflect By Sonny Milano.
15:05 of 1st period - Stopped by Darcy Kuemper with a rebound.
15:07 of 1st period - Shot by Curtis Lazar.
15:07 of 1st period - Shot Blocked by Radko Gudas.
15:09 of 1st period - Shot by Zach Bogosian.
15:09 of 1st period - Shot Blocked by Radko Gudas.
15:23 of 1st period - Shot by Sonny Milano.
15:23 of 1st period - Stopped by Darcy Kuemper without a rebound.
15:24 of 1st period - Tomas Hertl wins face-off versus Victor Rask in Sabres zone.
15:31 of 1st period - Shot by Victor Olofsson.
15:31 of 1st period - Stopped by Joonas Korpisalo without a rebound.
15:32 of 1st period - Victor Rask wins face-off versus Tomas Hertl in Hurricanes zone.
15:47 of 1st period - Shot by Darren Helm.
15:47 of 1st period - Shot Misses the Net.
16:06 of 1st period - Jonas Brodin is hit by Darren Helm and loses puck.
16:13 of 1st period - Shot by Victor Olofsson.
16:13 of 1st period - Shot Misses the Net.
17:07 of 1st period - Tyson Barrie is hit by Ryan Murray and loses puck.
17:12 of 1st period - Shot by Erik Haula.
17:12 of 1st period - Shot Blocked by Ryan Murray.
17:14 of 1st period - Shot by Tyson Barrie.
17:14 of 1st period - Shot Misses the Net.
17:36 of 1st period - Shot by Curtis Lazar.
17:36 of 1st period - Deflect By Leo Komarov.
17:36 of 1st period - Stopped by Darcy Kuemper without a rebound.
17:37 of 1st period - Josh Bailey wins face-off versus Blake Lizotte in Sabres zone.
18:00 of 1st period - Shot by Mark Jankowski.
18:00 of 1st period - Stopped by Joonas Korpisalo without a rebound.
18:01 of 1st period - Tomas Hertl wins face-off versus Andrew Cogliano in Hurricanes zone.
18:08 of 1st period - Shot by Tomas Hertl.
18:08 of 1st period - Shot Misses the Net.
18:36 of 1st period - Shot by Victor Olofsson.
18:36 of 1st period - Goal by Victor Olofsson - Hurricanes : 1 - Sabres : 2.
18:37 of 1st period - Erik Haula wins face-off versus Josh Bailey in neutral zone.
19:12 of 1st period - Shot by Josh Bailey.
19:12 of 1st period - Deflect By Brian Boyle.
19:12 of 1st period - Stopped by Darcy Kuemper with a rebound.
19:46 of 1st period - Leo Komarov is hit by Mark Jankowski and loses puck.
19:59 of 1st period - Shot by Leo Komarov.
19:59 of 1st period - Deflect By Sonny Milano.
19:59 of 1st period - Shot Misses the Net.
Goals for this period are 1 for Hurricanes vs 2 for Sabres.
Shots for this period are 11 for Hurricanes vs 8 for Sabres.

2nd period


0:01 of 2nd period - Tomas Hertl wins face-off versus Andrew Cogliano in neutral zone.
0:04 of 2nd period - Andrew Cogliano is hit by Tomas Hertl and loses puck.
0:26 of 2nd period - Off-side.
0:27 of 2nd period - Victor Rask wins face-off versus Erik Haula in neutral zone.
0:40 of 2nd period - Shot by Jakob Silfverberg.
0:40 of 2nd period - Goal by Jakob Silfverberg - Hurricanes : 1 - Sabres : 3.
0:41 of 2nd period - Tyler Bozak wins face-off versus Leo Komarov in neutral zone.
0:49 of 2nd period - Icing by Quinn Hughes.
0:50 of 2nd period - Leo Komarov wins face-off versus Victor Olofsson in Hurricanes zone.
1:06 of 2nd period - Off-side.
1:07 of 2nd period - Darren Helm wins face-off versus Erik Haula in neutral zone.
1:20 of 2nd period - Shot by Erik Haula.
1:20 of 2nd period - Stopped by Joonas Korpisalo without a rebound.
1:21 of 2nd period - Tomas Hertl wins face-off versus Andrew Cogliano in Hurricanes zone.
1:21 of 2nd period - Victor Olofsson is hit by Neal Pionk and loses puck.
1:36 of 2nd period - Icing by Neal Pionk.
1:37 of 2nd period - Andrew Cogliano wins face-off versus Erik Haula in Hurricanes zone.
2:17 of 2nd period - Off-side.
2:18 of 2nd period - Tomas Hertl wins face-off versus Josh Bailey in neutral zone.
2:39 of 2nd period - Shot by Nikita Gusev.
2:39 of 2nd period - Shot Blocked by Jonas Brodin.
2:51 of 2nd period - Shot by Tomas Hertl.
2:51 of 2nd period - Shot Misses the Net.
2:53 of 2nd period - Shot by Anthony Mantha.
2:53 of 2nd period - Stopped by Joonas Korpisalo without a rebound.
2:54 of 2nd period - Victor Rask wins face-off versus Tyler Bozak in Hurricanes zone.
2:56 of 2nd period - Darren Helm is hit by Anders Bjork.
2:59 of 2nd period - Victor Rask is hit by Tyson Barrie and loses puck.
3:13 of 2nd period - Shot by Anders Bjork.
3:13 of 2nd period - Stopped by Joonas Korpisalo without a rebound.
3:14 of 2nd period - Leo Komarov wins face-off versus Blake Lizotte in Hurricanes zone.
3:31 of 2nd period - Shot by Pierre Engvall.
3:31 of 2nd period - Stopped by Joonas Korpisalo without a rebound.
3:32 of 2nd period - Tomas Hertl wins face-off versus Victor Rask in Hurricanes zone.
3:49 of 2nd period - Shot by Alexis Lafreniere.
3:49 of 2nd period - Shot Misses the Net.
4:04 of 2nd period - Anthony Mantha is hit by Markus Nutivaara and loses puck.
4:40 of 2nd period - Phil Kessel is hit by Neal Pionk and loses puck.
4:55 of 2nd period - Shot by Curtis Lazar.
4:55 of 2nd period - Stopped by Darcy Kuemper without a rebound.
4:56 of 2nd period - Tyler Bozak wins face-off versus Josh Bailey in Sabres zone.
5:13 of 2nd period - Nikita Gusev is hit by Nick Jensen.
5:17 of 2nd period - Shot by Nikita Gusev.
5:17 of 2nd period - Shot Misses the Net.
5:31 of 2nd period - Josh Bailey is hit by Tyson Barrie and loses puck.
6:43 of 2nd period - Minor Penalty to Anthony Mantha for Roughing.
6:44 of 2nd period - Tyler Bozak wins face-off versus Josh Bailey in Sabres zone.
7:30 of 2nd period - Icing by Ryan Murray.
7:31 of 2nd period - Josh Bailey wins face-off versus Tomas Hertl in Hurricanes zone.
8:15 of 2nd period - Shot by Neal Pionk.
8:15 of 2nd period - Shot Misses the Net.
9:16 of 2nd period - Torey Krug is hit by Chris Wagner and loses puck.
11:25 of 2nd period - Markus Nutivaara is hit by Jack Roslovic and loses puck.
11:50 of 2nd period - Shot by Victor Olofsson.
11:50 of 2nd period - Shot Misses the Net.
11:52 of 2nd period - Shot by Jonas Brodin.
11:52 of 2nd period - Stopped by Joonas Korpisalo without a rebound.
11:53 of 2nd period - Blake Lizotte wins face-off versus Josh Bailey in Hurricanes zone.
12:22 of 2nd period - Shot by Blake Lizotte.
12:22 of 2nd period - Shot Misses the Net.
12:28 of 2nd period - Shot by Jonas Brodin.
12:28 of 2nd period - Shot Misses the Net.
12:30 of 2nd period - Shot by Mark Jankowski.
12:30 of 2nd period - Shot Blocked by Josh Bailey.
13:05 of 2nd period - Icing by Zach Bogosian.
13:06 of 2nd period - Erik Haula wins face-off versus Victor Rask in Hurricanes zone.
13:17 of 2nd period - Shot by Erik Haula.
13:17 of 2nd period - Shot Misses the Net.
14:05 of 2nd period - Icing by Tyson Barrie.
14:06 of 2nd period - Erik Haula wins face-off versus Andrew Cogliano in Sabres zone.
14:27 of 2nd period - Shot by Chris Wagner.
14:27 of 2nd period - Deflect By Andrew Cogliano.
14:27 of 2nd period - Shot Blocked by Nick Jensen.
14:29 of 2nd period - Shot by Andrew Cogliano.
14:29 of 2nd period - Stopped by Darcy Kuemper without a rebound.
14:30 of 2nd period - Tomas Hertl wins face-off versus Josh Bailey in Sabres zone.
15:46 of 2nd period - Icing by Anders Bjork.
15:47 of 2nd period - Andrew Cogliano wins face-off versus Tyler Bozak in Sabres zone.
16:06 of 2nd period - Markus Nutivaara is hit by Jamie Oleksiak and loses puck.
16:20 of 2nd period - Tyler Bozak is hit by Markus Nutivaara and loses puck.
16:40 of 2nd period - Shot by Mark Jankowski.
16:40 of 2nd period - Shot Misses the Net.
16:42 of 2nd period - Shot by Mark Jankowski.
16:42 of 2nd period - Shot Misses the Net.
17:41 of 2nd period - Shot by Leo Komarov.
17:41 of 2nd period - Shot Misses the Net.
18:32 of 2nd period - Shot by Alexis Lafreniere.
18:32 of 2nd period - Stopped by Darcy Kuemper without a rebound.
18:33 of 2nd period - Josh Bailey wins face-off versus Erik Haula in Sabres zone.
18:33 of 2nd period - Neal Pionk is hit by Nick Jensen and loses puck.
18:39 of 2nd period - Josh Bailey is hit by Nick Jensen and loses puck.
18:59 of 2nd period - Nikita Gusev is hit by Tyson Barrie.
Goals for this period are 0 for Hurricanes vs 1 for Sabres.
Shots for this period are 3 for Hurricanes vs 6 for Sabres.

3rd period


0:01 of 3rd period - Leo Komarov wins face-off versus Tomas Hertl in neutral zone.
0:01 of 3rd period - Sonny Milano is hit by Anthony Mantha and loses puck.
0:12 of 3rd period - Shot by Sonny Milano.
0:12 of 3rd period - Shot Hit the Post.
1:02 of 3rd period - Icing by Quinn Hughes.
1:03 of 3rd period - Tyler Bozak wins face-off versus Leo Komarov in Hurricanes zone.
1:22 of 3rd period - Icing by Jamie Oleksiak.
1:23 of 3rd period - Andrew Cogliano wins face-off versus Tyler Bozak in Sabres zone.
1:38 of 3rd period - Shot by Chris Wagner.
1:38 of 3rd period - Shot Misses the Net.
2:00 of 3rd period - Shot by Andrew Cogliano.
2:00 of 3rd period - Stopped by Darcy Kuemper with a rebound.
2:40 of 3rd period - Off-side.
2:41 of 3rd period - Tomas Hertl wins face-off versus Josh Bailey in neutral zone.
2:41 of 3rd period - Tomas Hertl is hit by Brian Boyle.
4:09 of 3rd period - Shot by Tyson Barrie.
4:09 of 3rd period - Stopped by Joonas Korpisalo without a rebound.
4:10 of 3rd period - Erik Haula wins face-off versus Andrew Cogliano in Hurricanes zone.
5:13 of 3rd period - Minor Penalty to Markus Nutivaara for Holding.
5:14 of 3rd period - Nikita Gusev wins face-off versus Tomas Hertl in Hurricanes zone.
5:49 of 3rd period - Shot by Tomas Hertl.
5:49 of 3rd period - Deflect By Anthony Mantha.
5:49 of 3rd period - Shot Misses the Net.
6:05 of 3rd period - Shot by Tyson Barrie.
6:05 of 3rd period - Stopped by Joonas Korpisalo with a rebound.
6:47 of 3rd period - Shot by Jack Roslovic.
6:47 of 3rd period - Shot Blocked by Ryan Murray.
6:49 of 3rd period - Shot by Anthony Mantha.
6:49 of 3rd period - Shot Misses the Net.
6:51 of 3rd period - Shot by Jack Roslovic.
6:51 of 3rd period - Stopped by Joonas Korpisalo without a rebound.
6:52 of 3rd period - Josh Bailey wins face-off versus Jakob Silfverberg in Hurricanes zone.
8:43 of 3rd period - Shot by Anders Bjork.
8:43 of 3rd period - Shot Misses the Net.
9:29 of 3rd period - Icing by Jonas Brodin.
9:30 of 3rd period - Josh Bailey wins face-off versus Victor Olofsson in Sabres zone.
9:36 of 3rd period - Shot by Brian Boyle.
9:36 of 3rd period - Deflect By Nikita Gusev.
9:36 of 3rd period - Shot Misses the Net.
9:42 of 3rd period - Shot by Brian Boyle.
9:42 of 3rd period - Stopped by Darcy Kuemper without a rebound.
9:43 of 3rd period - Leo Komarov wins face-off versus Erik Haula in Sabres zone.
10:12 of 3rd period - Off-side.
10:13 of 3rd period - Blake Lizotte wins face-off versus Josh Bailey in neutral zone.
10:56 of 3rd period - Shot by Josh Bailey.
10:56 of 3rd period - Stopped by Darcy Kuemper with a rebound.
11:05 of 3rd period - Off-side.
11:06 of 3rd period - Anthony Mantha wins face-off versus Victor Rask in neutral zone.
11:11 of 3rd period - Shot by Jamie Oleksiak.
11:11 of 3rd period - Shot Misses the Net.
11:13 of 3rd period - Shot by Tomas Hertl.
11:13 of 3rd period - Shot Misses the Net.
11:31 of 3rd period - Shot by Tomas Hertl.
11:31 of 3rd period - Stopped by Joonas Korpisalo without a rebound.
11:32 of 3rd period - Curtis Lazar wins face-off versus Erik Haula in Hurricanes zone.
11:39 of 3rd period - Shot by Curtis Lazar.
11:39 of 3rd period - Shot Misses the Net.
11:41 of 3rd period - Shot by Leo Komarov.
11:41 of 3rd period - Shot Misses the Net.
11:43 of 3rd period - Shot by Leo Komarov.
11:43 of 3rd period - Stopped by Darcy Kuemper without a rebound.
11:44 of 3rd period - Tyler Bozak wins face-off versus Andrew Cogliano in Sabres zone.
11:51 of 3rd period - Andrew Cogliano is hit by Anders Bjork and loses puck.
12:06 of 3rd period - Shot by Tyler Bozak.
12:06 of 3rd period - Shot Blocked by Andrew Cogliano.
12:08 of 3rd period - Shot by Tyler Bozak.
12:08 of 3rd period - Shot Blocked by Chris Wagner.
12:33 of 3rd period - Icing by Chris Wagner.
12:34 of 3rd period - Tomas Hertl wins face-off versus Andrew Cogliano in Hurricanes zone.
12:59 of 3rd period - Darren Helm is hit by Anthony Mantha.
13:09 of 3rd period - Icing by Nick Jensen.
13:10 of 3rd period - Tomas Hertl wins face-off versus Josh Bailey in Sabres zone.
13:12 of 3rd period - Victor Olofsson is hit by Brian Boyle and loses puck.
13:39 of 3rd period - Off-side.
13:40 of 3rd period - Erik Haula wins face-off versus Victor Rask in neutral zone.
13:50 of 3rd period - Icing by Erik Haula.
13:51 of 3rd period - Erik Haula wins face-off versus Leo Komarov in Sabres zone.
13:51 of 3rd period - Erik Haula is hit by Curtis Lazar.
14:02 of 3rd period - Jonas Brodin is hit by Neal Pionk and loses puck.
14:08 of 3rd period - Phil Kessel is hit by Neal Pionk and loses puck.
14:22 of 3rd period - Erik Haula is hit by Neal Pionk and loses puck.
14:32 of 3rd period - Minor Penalty to Neal Pionk for Interference.
14:33 of 3rd period - Nikita Gusev wins face-off versus Tomas Hertl in Hurricanes zone.
14:33 of 3rd period - Nikita Gusev is hit by Tomas Hertl.
14:53 of 3rd period - Shot by Anthony Mantha.
14:53 of 3rd period - Shot Misses the Net.
14:55 of 3rd period - Shot by Tyson Barrie.
14:55 of 3rd period - Stopped by Joonas Korpisalo without a rebound.
14:56 of 3rd period - Erik Haula wins face-off versus Nikita Gusev in Hurricanes zone.
15:15 of 3rd period - Shot by Nick Jensen.
15:15 of 3rd period - Stopped by Joonas Korpisalo without a rebound.
15:16 of 3rd period - Josh Bailey wins face-off versus Tomas Hertl in Hurricanes zone.
16:02 of 3rd period - Shot by Nick Jensen.
16:02 of 3rd period - Shot Hit the Post.
16:04 of 3rd period - Shot by Torey Krug.
16:04 of 3rd period - Stopped by Joonas Korpisalo with a rebound.
16:06 of 3rd period - Shot by Torey Krug.
16:06 of 3rd period - Shot Blocked by Markus Nutivaara.
16:08 of 3rd period - Shot by Nick Jensen.
16:08 of 3rd period - Shot Misses the Net.
16:32 of 3rd period - Shot by Erik Haula.
16:32 of 3rd period - Stopped by Joonas Korpisalo without a rebound.
16:33 of 3rd period - Tyler Bozak wins face-off versus Victor Rask in Hurricanes zone.
16:57 of 3rd period - Icing by Neal Pionk.
16:58 of 3rd period - Blake Lizotte wins face-off versus Victor Rask in Hurricanes zone.
17:55 of 3rd period - Icing by Zach Bogosian.
17:56 of 3rd period - Tomas Hertl wins face-off versus Leo Komarov in Hurricanes zone.
18:41 of 3rd period - Ryan Murray is hit by Anthony Mantha and loses puck.
19:04 of 3rd period - Shot by Ryan Murray.
19:04 of 3rd period - Stopped by Darcy Kuemper without a rebound.
19:05 of 3rd period - Victor Rask wins face-off versus Erik Haula in Sabres zone.
19:11 of 3rd period - Shot by Darren Helm.
19:11 of 3rd period - Deflect By Alexis Lafreniere.
19:11 of 3rd period - Shot Blocked by Jakob Silfverberg.
19:12 of 3rd period - Minor Penalty to Radko Gudas for Hooking.
19:13 of 3rd period - Tyler Bozak wins face-off versus Leo Komarov in Sabres zone.
19:13 of 3rd period - Jamie Oleksiak is hit by Leo Komarov and loses puck.
Goals for this period are 0 for Hurricanes vs 0 for Sabres.
Shots for this period are 5 for Hurricanes vs 8 for Sabres.